Map: Old Republic LE

Players

vergoin - Winner!

  • Race: Zerg Zerg
  • League: Diamond
  • Spawn Location: 7:00

Gioxo

  • Race: Protoss Protoss
  • League: Diamond
  • Spawn Location: 1:00

VOD

Have the link to the VOD?

Description

Time

  • Played on: Dec. 4, 2025, 1:40 p.m.
  • Length: 12:32
Show
View Real Time Build Order
Export as new Build Order

vergoin Zerg - Winner!

Build Orders: Hatch First 

Get SALT Encoding   

  12  0:00  Drone  
  13  0:09  Drone  
  14  0:14  Extractor  
  14  0:15  Drone  
  15  0:22  Overlord  
  15  0:43  Hatchery  
  15  0:47  Drone  
  15  0:50  Drone  
  15  0:54  Drone  
  17  1:04  Extractor  
  16  1:11  Spawning Pool  
  15  1:19  Drone  
  15  1:20  Drone x2  
  18  1:30  Drone  
  19  1:56  Overlord  
  19  2:05  Zergling x4  
  19  2:06  Queen  
  19  2:07  Queen  
  25  2:11  Drone x2  
  25  2:15  Metabolic Boost  
  27  2:25  Drone x3  
  27  2:29  Overlord  
  30  2:38  Drone  
  30  2:39  Drone  
  32  2:47  Drone  
  32  2:50  Queen  
  35  2:59  Drone  
  35  3:00  Drone x2  
  38  3:09  Drone  
  39  3:13  Hatchery  
  39  3:15  Overlord  
  37  3:23  Zergling x2  
  37  3:24  Zergling x6  
  41  3:32  Zergling x2  
  42  3:37  Drone  
  43  3:42  Overlord  
  43  3:50  Drone  
  43  3:53  Zergling x2  
  45  3:58  Drone  
  46  4:11  Drone x2  
  46  4:15  Zergling x2  
  46  4:16  Zergling x6  
  48  4:22  Queen  
  49  4:24  Roach Warren  
  49  4:31  Lair  
  48  4:33  Zergling x6  
  48  4:34  Zergling x6  
  54  4:43  Drone x2  
  56  4:45  Queen  
  56  4:52  Evolution Chamber x2  
  57  4:53  Drone  
  57  4:56  Overlord x5  
  57  5:10  Drone x2  
  57  5:12  Drone  
  57  5:13  Drone  
  57  5:14  Drone x3  
  57  5:15  Drone x2  
  57  5:19  Extractor  
  57  5:21  Extractor  
  59  5:37  Roach  
  59  5:38  Roach x3  
  59  5:39  Zerg Missile Weapons Level 1  
  67  5:43  Glial Reconstitution  
  67  5:48  Drone x6  
  67  5:49  Drone  
  74  6:03  Roach  
  74  6:04  Roach x4  
  84  6:08  Drone  
  84  6:11  Drone x2  
  87  6:14  Zerg Melee Weapons Level 1  
  87  6:18  Drone, Extractor  
  86  6:19  Drone x2  
  86  6:21  Overlord x4  
  89  6:36  Drone x2  
  89  6:37  Drone x3  
  94  6:50  Roach  
  94  6:51  Roach x4  
  94  6:54  Overlord x4  
  104  6:59  Roach  
  106  7:04  Roach x2  
  106  7:06  Roach  
  106  7:07  Roach x2  
  116  7:09  Roach  
  116  7:10  Roach x2  
  122  7:25  Hatchery  
  122  7:26  Roach  
  122  7:27  Roach x6  
  128  7:49  Roach x2  
  115  7:53  Roach x9  
  115  7:55  Ravager  
  115  7:56  Ravager  
  135  8:00  Drone  
  135  8:01  Drone x2, Extractor x2  
  135  8:02  Drone  
  137  8:08  Hatchery  
  137  8:09  Hatchery  
  137  8:10  Zerg Missile Weapons Level 2  
  135  8:15  Ravager  
  134  8:20  Roach x2  
  134  8:23  Overlord x2  
  134  8:24  Overlord x2  
  132  8:27  Ravager  
  132  8:33  Roach x2  
  132  8:34  Roach  
  139  8:45  Drone x2  
  139  8:46  Drone x3  
  144  8:52  Ravager  
  144  8:53  Ravager  
  144  8:54  Ravager  
  147  8:58  Overlord x3  
  147  8:59  Overlord  
  147  9:14  Roach  
  147  9:15  Roach x11  
  171  9:23  Hydralisk Den  
  139  9:39  Zergling x2  
  139  9:40  Zergling x12  
  139  9:42  Zergling x2  
  139  9:43  Zergling x14  
  151  10:06  Grooved Spines  
  151  10:07  Hatchery  
  147  10:16  Hatchery  
  147  10:19  Roach x13  
  147  10:20  Roach  
  159  10:25  Roach x2  
  135  10:32  Hydralisk x7  
  135  10:33  Hydralisk x2  
  152  10:42  Drone x2  
  154  10:56  Muscular Augments  
  154  11:02  Hydralisk x11  
  154  11:03  Hydralisk  
  178  11:19  Hydralisk  
  178  11:20  Hydralisk x5  
  184  11:48  Drone x12  
  184  11:50  Extractor  
  184  11:52  Extractor  
  194  11:55  Lurker Den  
  194  12:01  Infestation Pit  
  192  12:03  Drone x5  
  192  12:04  Drone x2  
Show
View Real Time Build Order
Export as new Build Order

Gioxo Protoss 

Build Orders: 1 Gate Expand, Colossus Rush 

Get SALT Encoding   

  1  0:00  Probe  
  12  0:04  Probe  
  14  0:19  Pylon  
  14  0:22  Probe  
  15  0:37  Gateway  
  15  0:40  Probe  
  16  0:46  Assimilator  
  16  0:52  Probe  
  18  1:04  Probe  
  18  1:16  Probe  
  19  1:26  Nexus  
  19  1:29  Probe  
  20  1:40  Cybernetics Core  
  20  1:42  Probe  
  21  1:48  Assimilator  
  21  1:55  Pylon  
  21  2:03  Probe  
  21  2:06  Warp Gate  
  22  2:12  Adept  
  22  2:13  Gateway  
  22  2:15  Probe  
  25  2:27  Probe  
  26  2:38  Probe  
  26  2:40  Probe  
  28  2:46  Robotics Facility  
  28  2:50  Probe  
  29  2:52  Probe  
  29  2:54  Zealot  
  32  3:00  Zealot  
  32  3:03  Probe  
  32  3:05  Probe  
  36  3:15  Probe  
  36  3:17  Probe  
  38  3:23  Stalker  
  39  3:27  Probe  
  39  3:29  Probe  
  39  3:32  Pylon  
  41  3:35  Twilight Council  
  41  3:39  Probe  
  42  3:41  Probe  
  43  3:49  Assimilator  
  43  3:52  Probe  
  43  3:53  Probe  
  45  4:00  Robotics Bay, Zealot  
  45  4:01  Zealot  
  49  4:05  Probe  
  49  4:06  Probe  
  49  4:19  Gateway  
  49  4:22  Stalker x2  
  49  4:23  Probe  
  54  4:30  Pylon  
  54  4:31  Charge  
  54  4:33  Pylon  
  54  4:38  Colossus  
  54  4:48  Probe x2  
  54  4:50  Extended Thermal Lance  
  62  4:56  Assimilator  
  62  5:00  Probe  
  62  5:03  Pylon  
  63  5:12  Zealot x2  
  61  5:14  Zealot  
  59  5:21  Templar Archives  
  59  5:23  Forge  
  59  5:24  Probe  
  59  5:26  Protoss Ground Weapons Level 1, Probe  
  61  5:36  Zealot x2  
  61  5:37  Zealot  
  67  5:43  Colossus  
  67  5:44  Shield Battery  
  67  5:47  Shield Battery  
  67  5:49  Pylon  
  67  5:50  Psionic Storm  
  73  6:09  Pylon  
  73  6:19  Gateway, Zealot  
  73  6:21  Gateway, Zealot  
  77  6:25  Zealot  
  79  6:34  Observer  
  80  6:45  Zealot x2  
  83  6:48  High Templar  
  85  7:08  Nexus  
  85  7:09  Stargate  
  85  7:10  Stargate  
  85  7:11  Pylon  
  85  7:14  Zealot x3  
  90  7:38  Colossus  
  62  7:51  Zealot x5  
  70  8:00  Void Ray  
  70  8:11  High Templar x2  
  78  8:13  Void Ray  
  78  8:14  Zealot x3  
  80  8:22  Archon  
  80  8:26  Immortal  
  66  8:34  High Templar  
  68  8:35  Zealot x2  
  72  8:46  Zealot x2  
  76  8:52  Protoss Ground Weapons Level 2  
  76  8:59  Gateway x2  
  76  9:01  Pylon  
  76  9:06  Robotics Facility  
  76  9:10  High Templar  
  76  9:11  Zealot x2  
  65  9:25  Zealot x2  
  69  9:35  Zealot x2  
  77  9:41  Observer  
  77  9:43  Void Ray  
  82  9:56  Void Ray, Zealot x2  
  55  10:34  Nexus  
  52  10:38  Pylon  
  52  10:39  Probe x2  
  54  10:47  Probe x2  
  54  10:54  High Templar  
  54  10:55  Probe x2  
  54  10:56  High Templar  
  62  11:05  Probe x2  
  62  11:08  High Templar x2  
  62  11:11  Archon  
  68  11:13  Archon  
  68  11:17  Probe  
  68  11:18  Probe  
  70  11:22  High Templar  
  72  11:27  High Templar  
  72  11:29  Probe  
  72  11:30  Probe  
  76  11:44  Probe x2  
  76  11:46  Probe  
  79  11:54  High Templar x2  
  83  11:56  Archon, Probe x2  
  83  11:58  Probe  
  83  12:00  Zealot x2  
  90  12:01  Zealot  
  90  12:08  Probe x2  
Tags
 
Add a new tag
Caveats
  • Supply blocks, unpowered buildings, or Contaminate may cause inaccurate times.
  • Supply counts are checked every 10 seconds.